 Dungeon Crawl Stone Soup version 0.29-a0-409-gd843f3a48c (webtiles) character file.

Game seed: 5438196738131463147

46858 trckry the Convoker (level 14, -11/74 HPs)
             Began as a Tengu Summoner on May 13, 2022.
             Was a High Priest of Hepliaklqana.
             Mangled by an ettin
             ... wielding a +0 dire flail
              (43 damage)
             ... on level 2 of the Orcish Mines.
             The game lasted 01:22:49 (19209 turns).

trckry the Convoker (Tengu Summoner)               Turns: 19209, Time: 01:22:50

Health: -11/74     AC: 14    Str: 16    XL:     14   Next: 39%
Magic:  23/29      EV: 12    Int: 19    God:    Hepliaklqana [*****.]
Gold:   1564       SH:  0    Dex: 12    Spells: 25/34 levels left

rFire   . . .      SeeInvis .   v - +8 demon blade "Leech" {vamp, Harm Drain rN+}
rCold   + . .      Faith    .   I - orb {*channel}
rNeg    + . .      Spirit   .   G - +3 scale mail "Duor" {rPois Dex-3 Slay+4}
rPois   +          Reflect  .   (helmet restricted)
rElec   .          Harm     +   g - +1 cloak {rC+}
rCorr   .          Rampage  .   y - +0 pair of gloves
Will    +....                   (boots unavailable)
Stlth   +.........              o - amulet of the acrobat
HPRegen 0.22/turn               s - +6 ring of strength
MPRegen 0.21/turn               O - ring of wizardry

@: flying quickly and evasively, studying Shields, quick
A: reduced essence, beak, talons 3, nimble flight
a: Renounce Religion, Recall Ancestor, Ancestor Identity, Transference, Idealise


You were on level 2 of the Orcish Mines.
You worshipped Hepliaklqana.
Hepliaklqana was extremely pleased with you.
You visited 3 branches of the dungeon, and saw 15 of its levels.
You also visited: Sewer and Ice Cave.

You collected 1641 gold pieces.
You spent 77 gold pieces at shops.

Inventory:

Hand Weapons
 i - a +1 quarterstaff of draining
 v - the +8 demon blade "Leech" (weapon) {vamp, Harm Drain rN+}
   (You found it in an ice cave)

   It heals its wielder for a portion of the damage dealt every time it strikes
   a living foe.
   rN:        It protects you from negative energy.
   Drain:     It drains your maximum health when unequipped.
   Harm:      It increases damage dealt and taken.
 A - a +5 demon whip of freezing
Missiles
 C - a throwing net
 L - 13 boomerangs of dispersal
 M - 7 curare-tipped darts (quivered)
Armour
 g - a +1 cloak of cold resistance (worn)
 y - a +0 pair of gloves (worn)
 G - the +3 scale mail "Duor" (worn) {rPois Dex-3 Slay+4}
   (You found it on level 5 of the Dungeon)

   Dex:       It affects your dexterity (-3).
   Slay:      It affects your accuracy & damage with ranged weapons and melee
   (+4).
   rPois:     It protects you from poison.
 I - an orb of energy (worn)
Jewellery
 h - a ring of protection from cold
 o - an amulet of the acrobat (around neck)
 s - a +6 ring of strength (left hand)
 H - a ring of see invisible
 K - an amulet of regeneration
 O - a ring of wizardry (right hand)
 R - a +4 ring of evasion
 V - a ring of magical power
Wands
 c - a wand of iceblast (9)
 t - a wand of paralysis (16)
 w - a wand of polymorph (17)
 N - a wand of flame (45)
 Q - a wand of mindburst (3)
Scrolls
 a - 4 scrolls of acquirement {unknown}
 d - 5 scrolls of identify
 e - 5 scrolls of enchant weapon
 j - 2 scrolls of fear {unknown}
 l - 3 scrolls of teleportation {unknown}
 z - 2 scrolls of magic mapping
 B - 2 scrolls of immolation {unknown}
 D - 4 scrolls of torment {unknown}
 E - 3 scrolls of fog {unknown}
 U - 2 scrolls of poison {unknown}
Potions
 b - a potion of magic
 f - 6 potions of curing
 k - 5 potions of lignification
 m - 2 potions of resistance
 n - 6 potions of mutation
 p - 5 potions of brilliance
 q - 2 potions of invisibility
 r - 3 potions of haste
 u - 3 potions of ambrosia
 J - 2 potions of might
 T - a potion of cancellation
Miscellaneous
 x - a condenser vane
 W - a tin of tremorstones (2/2)


   Skills:
 + Level 7.7 Fighting
 + Level 1.0 Long Blades
 + Level 6.0 Armour
 + Level 4.0 Dodging
 - Level 4.0 Stealth
 + Level 10.8 Spellcasting
 * Level 19.0 Summonings
 - Level 9.0 Air Magic
 + Level 7.0 Invocations
 + Level 0.1 Evocations


You had 25 spell levels left.
You knew the following spells:

 Your Spells              Type           Power      Damage    Failure   Level
b - Call Imp              Summ           70%        N/A       0%          2
c - Call Canine Familiar  Summ           70%        N/A       1%          3
d - Summon Lightning Spi  Summ/Air       59%        N/A       1%          4

Your spell library contained the following spells:

 Spells                   Type           Power      Damage    Failure   Level
 Summon Small Mammal      Summ           100%       N/A       0%          1
 Summon Guardian Golem    Hex/Summ       46%        N/A       1%          3
 Static Discharge         Conj/Air       27%        N/A       2%          2
 Animate Skeleton         Necr           20%        N/A       9%          1
 Freeze                   Ice            40%        1d6       9%          1
 Pain                     Necr           40%        1d6       9%          1
 Frozen Ramparts          Ice            20%        1d4       26%         3
 Gell's Gravitas          Tloc           10%        N/A       26%         3
 Ozocubu's Armour         Ice            10%        N/A       26%         3
 Teleport Other           Tloc           10%        N/A       26%         3
 Vampiric Draining        Necr           10%        2d6       26%         3
 Dispel Undead            Necr           10%        3d9       61%         4
 Hailstorm                Conj/Ice       10%        3d5       61%         4
 Sticky Flame             Conj/Fire      10%        2d3       61%         4
 Agony                    Necr           10%        N/A       91%         5
 Excruciating Wounds      Necr           5%         N/A       91%         5
 Dispersal                Tloc           5%         N/A       100%        6
 Ozocubu's Refrigeration  Ice            5%         4d6       100%        7


Dungeon Overview and Level Annotations

Branches:
Dungeon (12/15)            Temple (1/1) D:4            Lair (0/6) D:9
    Orc (2/2) D:11            Elf (0/3) Orc:2         Sewer (visited)
  IceCv (visited)

Altars:
Ashenzari
Cheibriados
Dithmenos
Elyvilon
Fedhas
Gozag
Hepliaklqana
Kikubaaqudgha
Makhleb
Nemelex Xobeh
Okawaru
Qazlal
Ru
Sif Muna
Trog
Uskayaw
Vehumet
Wu Jian
Xom
Yredelemnul
Zin
The Shining One
Beogh

Shops:
D:2 =   D:4 *   D:6 *   D:7 =   D:9 *   Orc:1 [

Annotations:
D:8 1 runed translucent door, ytrimaz's ghost, journeyman TrGl
Orc:1 3 runed translucent doors, deadleaves's ghost, journeyman HONe


Innate Abilities, Weirdness & Mutations

Your life essence is reduced to manifest your ancestor. (-10% HP)
You have a beak for a mouth.
You have claws for feet.
Your magical nature lets you fly swiftly and evasively.


Message History

You claw the orc warrior, but do no damage.
The orc warrior is severely wounded.
The orc warrior misses you.
The orc warrior closely misses Psammuthes.
Psammuthes hits the orc warrior with a +0 flail.
The orc warrior hits you with a +3 broad axe!
The orc warrior hits Psammuthes but does no damage.
You take 8 damage, and have 54/74 hp.
You slash the orc warrior!
You feel better.
You kill the orc warrior!
An ettin comes into view.
It is wielding a +0 dire flail and a +2 dire flail of protection.
You regained 2 hp, and now have 59/74 hp.
An ettin is nearby!
Casting: Summon Lightning Spire (safe; 1% risk of failure)
Confirm with . or Enter, or press ? or * to list all spells.
An electric hum fills the air.
The ettin hits Psammuthes with a +0 dire flail!
Psammuthes blocks the ettin's attack.
You now have 25/29 mp.
Casting: Summon Lightning Spire (safe; 1% risk of failure)
Confirm with . or Enter, or press ? or * to list all spells.
Psammuthes hits the ettin with a +0 flail.
Psammuthes blocks the ettin's attack.
The ettin hits Psammuthes with a +2 dire flail of protection!
You now have 22/29 mp.
Psammuthes hits the ettin but does no damage.
The ettin hits Psammuthes with a +0 dire flail.
The ettin hits Psammuthes with a +2 dire flail of protection!!
Psammuthes is destroyed!
Your warg bites the ettin!
Your warg bites the ettin!
Your lightning spire shoots out a bolt of lightning at the ettin!
The bolt of electricity hits the ettin!
Your warg bites the ettin.
Your warg bites the ettin but does no damage.
You hit the ettin but do no damage. Your kick misses the ettin.
The ettin is heavily wounded.
The ettin hits you with a +0 dire flail!!
The ettin hits you with a +2 dire flail of protection!!!
Ouch! That really hurt!
You die...

##....# .... #.....# #....
##.#.## #$...#
####...#.###....#
##.#..............#
#..............#..#
####.........).......
######..8.Ch.......).....#
##.#......@..)))#..).....##
#........##..)).#.........#
##...)....##...##..........
#.........#....#........^..
#####.##....#.)...............
##.###.#......)............##..
##.>...........).............
..
#.....<..........#............
#........................#


You could see an ettin (ally target), a friendly warg (summoned) and a friendly
lightning spire (summoned).

Vanquished Creatures
  A boulder beetle (D:12)
  Erica (D:11)
  2 death yaks (IceCv)
  An ugly thing (D:12)
  A gargoyle (D:12)
  A kobold demonologist (D:12)
  Maggie (D:10)
  A komodo dragon (D:9)
  A polar bear (IceCv)
  A troll (D:12)
  A hornet (D:11)
  5 slime creatures (D:12)
  2 wraiths
  4 yaks
  A basilisk (D:11)
  3 vampire mosquitoes
  4 wargs
  Edmund (D:6)
  4 orc warriors
  2 black bears (D:4)
  A sky beast (D:7)
  6 ogres
  4 wolves (IceCv)
  7 centaurs
  2 kobold brigands
  4 bullfrogs (D:7)
  A killer bee (D:9)
  A howler monkey (D:8)
  An electric eel (D:12)
  A hound (D:4)
  2 jellies
  9 orc priests
  3 iguanas
  7 orc wizards
  Ijyb (D:3)
  A wolf simulacrum (D:12)
  4 adders
  2 white imps (D:7)
  An ufetubus (D:5)
  25 orcs
  An endoplasm (D:4)
  A giant cockroach (D:3)
  3 goblins
  7 hobgoblins
  4 jackals
  7 kobolds
  3 quokkas
  3 ball pythons (D:2)
  A bat (D:3)
  4 frilled lizards
  2 rats
  A spectral orc (D:4)
  A toadstool (D:1)
159 creatures vanquished.

Vanquished Creatures (collateral kills)
  A boulder beetle (D:11)
  3 hydras
  A centaur warrior (D:9)
  2 two-headed ogres
  2 ironbound frosthearts (IceCv)
  3 death yaks (IceCv)
  A skeletal warrior (D:11)
  Pikel (D:6)
  4 ugly things
  A cyclops (D:8)
  A manticore (D:11)
  An ice statue (IceCv)
  Maurice (D:10)
  An unseen horror (D:12)
  A rime drake (IceCv)
  2 kobold demonologists (D:12)
  7 polar bears (IceCv)
  A meliai (D:9)
  4 trolls
  29 yaks
  A wraith (D:10)
  4 shadows
  A wyvern (D:6)
  Menkaure (D:5)
  3 vampire mosquitoes
  3 wargs
  An acid dragon (D:12)
  Pargi (Sewer)
  12 orc warriors
  An ice beast (D:5)
  A sky beast (D:7)
  2 ogres
  12 wolves (IceCv)
  5 centaurs
  A nameless horror (D:7)
  2 kobold brigands
  2 bullfrogs (D:7)
  A necrophage (D:7)
  3 gnoll sergeants
  2 scorpions
  A cane toad simulacrum (D:12)
  3 wights (D:9)
  12 killer bees
  An elephant simulacrum (D:12)
  2 howler monkeys
  A hound (D:7)
  A jelly (D:7)
  10 orc priests
  5 gnoll shamans
  3 iguanas
  A spriggan simulacrum (D:12)
  17 orc wizards
  2 polar bear simulacra (D:12)
  A wolf simulacrum (D:12)
  17 gnolls
  A naga simulacrum (D:12)
  6 adders
  2 white imps (D:7)
  2 ufetubi (D:5)
  2 worms
  42 orcs
  2 endoplasms
  3 giant cockroaches
  9 goblins
  3 hobgoblins
  6 jackals
  11 kobolds
  A quokka (D:1)
  5 ball pythons
  6 bats
  A frilled lizard (D:1)
  A rat (D:1)
306 creatures vanquished.

Vanquished Creatures (others)
  A deep elf pyromancer (D:11)
  A wolf (IceCv)
  6 knights
  6 ancestors (D:9)
  6 fungi (D:8)
  20 plants
  3 toadstools (D:1)
43 creatures vanquished.

Grand Total: 508 creatures vanquished

Notes
Turn   | Place    | Note
-------+----------+-------------------------------------------
     0 | D:1      | trckry the Tengu Summoner began the quest for the Orb.
     0 | D:1      | Reached XP level 1. HP: 10/10 MP: 4/4
   221 | D:1      | Reached XP level 2. HP: 15/15 MP: 6/6
   224 | D:1      | Reached skill level 5 in Summonings
   566 | D:1      | Learned a level 2 spell: Call Imp
  1013 | D:1      | Reached XP level 3. HP: 19/19 MP: 5/7
  1309 | D:1      | Learned a level 3 spell: Call Canine Familiar
  1426 | D:2      | Reached XP level 4. HP: 21/24 MP: 8/8
  1465 | D:2      | Found a faded altar of an unknown god.
  1653 | D:2      | Found Noq Tomp's Jewellery Shoppe.
  2111 | D:3      | Found a white marble altar of Elyvilon.
  2165 | D:3      | Noticed Ijyb
  2174 | D:3      | Gained mutation: Your magical nature lets you fly swiftly
                  | and evasively. [Tengu growth]
  2174 | D:3      | Reached XP level 5. HP: 21/28 MP: 5/10
  2181 | D:3      | Killed Ijyb
  2235 | D:3      | Found a glowing drain.
  2305 | Sewer    | Entered a sewer
  2454 | Sewer    | Noticed Pargi
  2482 | Sewer    | Killed Pargi
  2483 | Sewer    | Reached skill level 6 in Summonings
  2483 | Sewer    | Reached XP level 6. HP: 32/32 MP: 3/11
  3084 | D:3      | Learned a level 4 spell: Summon Lightning Spire
  3350 | D:4      | Noticed a black bear
  3371 | D:4      | Killed a black bear
  3372 | D:4      | Reached skill level 1 in Air Magic
  3492 | D:4      | Noticed a black bear
  3511 | D:4      | Killed a black bear
  3512 | D:4      | Reached XP level 7. HP: 36/36 MP: 5/13
  3518 | D:4      | Reached skill level 7 in Summonings
  3887 | D:4      | Found a basalt altar of Yredelemnul.
  3990 | D:4      | Found a staircase to the Ecumenical Temple.
  4004 | Temple   | Entered the Ecumenical Temple
  4079 | D:4      | Found Samaygy's General Store.
  4171 | D:4      | Found a shimmering altar of Xom.
  4203 | D:4      | Bought a scroll of identify for 28 gold pieces
  4203 | D:4      | Bought a scroll of magic mapping for 49 gold pieces
  4444 | D:5      | Entered Level 5 of the Dungeon
  4599 | D:5      | HP: 5/36 [ice beast (9)]
  4643 | D:5      | Reached skill level 8 in Summonings
  4716 | D:5      | Reached XP level 8. HP: 20/41 MP: 1/15
  5015 | D:5      | Found a sparkling altar of Nemelex Xobeh.
  5931 | D:5      | Noticed Menkaure
  5938 | D:5      | Killed Menkaure
  5939 | D:5      | Reached skill level 9 in Summonings
  6070 | D:5      | Identified the +3 scale mail "Duor" {rPois Dex-3 Slay+4}
  6389 | D:6      | Found a stormy altar of Qazlal.
  6472 | D:6      | Found an ancient bone altar of Kikubaaqudgha.
  6552 | D:6      | Noticed Edmund
  6582 | D:6      | Killed Edmund
  6583 | D:6      | Reached skill level 1 in Armour
  6583 | D:6      | Reached skill level 5 in Air Magic
  6735 | D:6      | Found Aubete's Alliterative Accessories.
  6857 | D:6      | Found a glowing silver altar of Zin.
  6995 | D:7      | Reached skill level 5 in Spellcasting
  6995 | D:7      | Noticed a wyvern
  7342 | D:7      | Noticed Pikel
  7378 | D:6      | Killed Pikel
  7379 | D:6      | Reached skill level 10 in Summonings
  7379 | D:6      | Reached XP level 9. HP: 45/45 MP: 5/18
  7502 | D:7      | Found an opulent altar of Gozag.
  7889 | D:7      | Found an iron altar of Okawaru.
  7966 | D:7      | Found an opulent altar of Gozag.
  7970 | D:7      | Found an opulent altar of Gozag.
  7984 | D:7      | Found an opulent altar of Gozag.
  8110 | D:7      | Found a hazy altar of Hepliaklqana.
  8127 | D:7      | Became a worshipper of Hepliaklqana the Forgotten
  8236 | D:7      | Reached skill level 11 in Summonings
  8428 | D:7      | Found Huqenuem's Jewellery Boutique.
  8939 | D:8      | Reached XP level 10. HP: 42/50 MP: 10/20
  8939 | D:8      | Noticed a cyclops
  8963 | D:8      | Killed a cyclops
  9076 | D:8      | Found a sacrificial altar of Ru.
  9109 | D:8      | Found a runed translucent door.
  9109 | D:8      | Found a shimmering altar of Xom.
  9109 | D:8      | Noticed ytrimaz's ghost (journeyman TrGl)
  9109 | D:8      | Noticed a +1 spear of chaos
  9295 | D:8      | Reached skill level 12 in Summonings
  9300 | D:8      | Reached skill level 5 in Armour
 10156 | D:9      | Reached * piety under Hepliaklqana
 10187 | D:9      | Noticed a seven-headed hydra
 10197 | D:9      | Killed a seven-headed hydra
 10198 | D:9      | Reached skill level 1 in Fighting
 10198 | D:9      | Reached skill level 1 in Invocations
 10218 | D:9      | Noticed a two-headed ogre
 10251 | D:9      | Killed a two-headed ogre
 10362 | D:9      | Noticed a four-headed hydra
 10368 | D:9      | Reached skill level 13 in Summonings
 10368 | D:9      | Reached XP level 11. HP: 51/51 MP: 15/22
 10373 | D:9      | Noticed a centaur warrior
 10392 | D:9      | Found Deaxt's Assorted Antiques.
 10609 | D:9      | Noticed a white ugly thing
 10619 | D:9      | HP: 6/52 [meliai/+0 hand axe (7)]
 11092 | D:9      | Killed a centaur warrior
 11165 | D:9      | Killed a four-headed hydra
 11442 | D:9      | Killed a white ugly thing
 11443 | D:9      | Reached skill level 14 in Summonings
 11718 | D:9      | Found a staircase to the Lair.
 11810 | D:10     | Entered Level 10 of the Dungeon
 11810 | D:10     | Reached ** piety under Hepliaklqana
 11881 | D:10     | Noticed Maggie
 11893 | D:10     | Killed Maggie
 11994 | D:10     | Noticed Maurice
 12017 | D:10     | Killed Maurice
 12233 | D:9      | Remembered your ancestor Psammuthes as a knight
 12625 | D:10     | Found a shadowy altar of Dithmenos.
 12706 | D:10     | Identified the +8 chain mail of Ishinu {Harm *Slow rElec
                  | rF+++ Str-2}
 12871 | D:11     | Found a staircase to the Orcish Mines.
 12880 | D:11     | Reached XP level 12. HP: 59/60 MP: 18/25
 12931 | D:11     | Reached *** piety under Hepliaklqana
 13040 | D:11     | Noticed Erica
 13045 | D:11     | Killed Erica
 13251 | D:11     | Reached skill level 16 in Summonings
 13251 | D:11     | Reached XP level 13. HP: 64/64 MP: 25/27
 13338 | D:11     | Reached skill level 5 in Fighting
 13867 | D:11     | Reached skill level 17 in Summonings
 13956 | D:11     | Reached skill level 5 in Invocations
 14838 | D:12     | Reached **** piety under Hepliaklqana
 14912 | D:12     | Found a frozen archway.
 14935 | IceCv    | Entered an ice cave
 14976 | IceCv    | Reached skill level 10 in Spellcasting
 15130 | IceCv    | Found the +8 demon blade "Leech" {vamp, Harm Drain rN+}
 15204 | IceCv    | HP: 10/67 [polar bear (6)]
 15492 | IceCv    | Reached skill level 18 in Summonings
 15746 | IceCv    | Reached XP level 14. HP: 72/72 MP: 25/29
 16227 | IceCv    | Identified the +3 ice dragon scales "Awal" {-Cast Harm
                  | rPois rF- rC++ Str-3}
 16457 | IceCv    | HP: 2/73 [ice statue/freezing blast (10)]
 18354 | Orc:1    | Entered Level 1 of the Orcish Mines
 18354 | Orc:1    | Found Itheetya's Armour Boutique.
 18519 | Orc:1    | Reached ***** piety under Hepliaklqana
 18530 | Orc:1    | Found a runed translucent gate.
 18531 | Orc:1    | Found a runed translucent gate.
 18532 | Orc:1    | Found a runed translucent gate.
 18535 | Orc:1    | Noticed deadleaves's ghost (journeyman HONe)
 18586 | Orc:1    | Reached skill level 19 in Summonings
 19009 | Orc:1    | Identified the amulet "Egye" {Regen+ Int+5 Dex-4}
 19053 | Orc:2    | Entered Level 2 of the Orcish Mines
 19101 | Orc:2    | Found a staircase to the Elven Halls.
 19141 | Orc:2    | Reached skill level 1 in Long Blades
 19209 | Orc:2    | Mangled by an ettin

Illustrated notes

Levels and vault maps discovered:
D:1:      ldierk_water_garden, layout_basic
D:2:      layout_rooms, chequers_ecumenical_altar_simple_redux, serial_shops,
          nicolae_shop_statue_plus, minmay_tromino_mix6
D:3:      kennysheep_the_goblin_king, layout_basic, elyvilon_altar_5,
          serial_forest, infiniplex_forest_end_1, infiniplex_forest_lined_2,
          infiniplex_forest_clump_tiny, infiniplex_forest_clump_double,
          infiniplex_forest_zigzag_1, infiniplex_forest_clump_curved,
          portal_sewer_entry_d, hangedman_feature_mirror
D:4:      layout_rooms, mainiacjoe_overflow_tiny_flanked,
          yredelemnul_forgotten_temple_becter,
          minmay_temple_entry_statues_fountains, serial_shops, shop,
          minmay_manual_monolith
D:5:      layout_loops_ring, mainiacjoe_overflow_six_doors_small,
          dk_noncrumbling_2, minmay_misc_feat_plants, uniq_menkaure
D:6:      layout_loops_ring, kiku_gazebo_pond_becter,
          mainiacjoe_overflow_alcove_4, lemuel_round_altar,
          nicolae_alphabet_shops, serial_bayou_pond_a, uniq_edmund
D:7:      layout_cave_pools, nicolae_overflow_crystal_walls, old_standard_altar,
          nicolae_gozag_conspicuous_consumption, serial_shops,
          nicolae_shop_hallway_plus, minmay_fractal_squares_diagonal_5,
          uniq_pikel
D:8:      kennysheep_seaside_town, layout_rooms, nicolae_ru_awakened_eye,
          ebering_ghost_xom
D:9:      cheibrodos_ideogram_h, layout_long_grid, david_lair_shrubbed,
          serial_shops, shop
D:10:     layout_basic, mainiacjoe_overflow_chevrons, minmay_misc_feat_square,
          uniq_maurice, uniq_maggie
D:11:     minmay_general_purpose_star, layout_gridville,
          minmay_orc_entry_guard_dogs, serial_co_window_serial,
          co_window_of_opportunity_a, co_window_corner_a, co_window_corner_a,
          co_window_paths_b, co_window_paths_b, co_window_of_opportunity_a,
          co_window_paths_b, co_window_of_opportunity_b, co_window_2corner,
          glass_columns_a, glass_columns_a, glass_columns_b, grunt_tough_drop,
          uniq_erica
D:12:     layout_gridville, portal_ice_cave_entry_ice_simulacra,
          minmay_crystal_water
Temple:   eino_wide_crystal_templ
Orc:1:    layout_caves, biasface_ghost_orc_armoury, serial_shops, shop
Orc:2:    st_orc_rangers, layout_caves, mines1_david, uniq_josephine

Skill      XL: |  1  2  3  4  5  6  7  8  9 10 11 12 13 14 |
---------------+-------------------------------------------+-----
Summonings     | 5 6 8 10 11 13 14 16 18 19 | 19.0
Dodging        | 3 4 |  4.0
Stealth        | 3 4 |  4.0
Spellcasting   | 3 4 5 6 7 8 9 10 | 10.8
Air Magic      | 1 3 6 7 8 9 |  9.0
Armour         | 2 4 6 |  6.0
Fighting       | 2 4 6 7 |  7.7
Invocations    | 1 4 6 7 |  7.0
Long Blades    | 1 |  1.0
Evocations     | |  0.1

Action                   |  1- 3 |  4- 6 |  7- 9 | 10-12 | 13-15 || total
-------------------------+-------+-------+-------+-------+-------++-------
Melee: Kick              |     7 |     9 |    28 |    33 |    77 ||   154
       Unarmed           |     1 |       |       |       |       ||     1
       Quarterstaff      |    19 |    60 |   110 |    85 |    85 ||   359
       Peck              |     3 |     4 |    19 |    23 |    45 ||    94
       Demon blade       |       |       |       |       |    99 ||    99
Throw: Dart              |       |       |     1 |     2 |     4 ||     7
 Cast: Summon Small Mamm |    27 |     1 |     2 |       |       ||    30
       Call Imp          |     2 |     8 |    15 |       |       ||    25
       Call Canine Famil |     2 |    14 |    56 |    32 |    28 ||   132
       Summon Lightning  |       |       |     3 |    29 |    28 ||    60
Invok: Ancestor Identity |       |       |       |     1 |       ||     1
       Ancestor Life: Kn |       |       |       |     1 |       ||     1
       Recall Ancestor   |       |       |       |       |     3 ||     3
Evoke: Wand              |       |       |       |       |     4 ||     4
  Use: Potion            |       |       |       |     3 |     5 ||     8
       Scroll            |       |       |       |    11 |    10 ||    21
 Stab: Sleeping          |     1 |     2 |     2 |       |       ||     5
       Distracted        |       |       |     3 |     1 |     3 ||     7
Armor: Robe              |    10 |    11 |       |       |       ||    21
       Scale mail        |       |       |    19 |    47 |   126 ||   192
Dodge: Dodged            |    44 |    72 |   106 |   102 |   189 ||   513

Table legend: (Time is in decaauts)
 A = Elapsed time spent in this place.
 B = Non-inter-level travel time spent in this place.
 C = Inter-level travel time spent in this place.
 D = Time resting spent in this place.
 E = Time spent auto-exploring this place.
 F = Levels seen in this place.
 G = Mean time per level.
                   A        B        C        D        E       F      G
               +--------+--------+--------+--------+--------+-----+--------+
         Total |  18492 |  17902 |    590 |   1301 |  11403 |  17 | 1087.8 |
       Dungeon |  15255 |  14732 |    523 |   1172 |   9501 |  12 | 1271.2 |
        Temple |     53 |     43 |     10 |      0 |     34 |   1 |   53.0 |
  Orcish Mines |    811 |    755 |     56 |      0 |    492 |   2 |  405.5 |
         Sewer |    292 |    292 |      0 |     40 |    163 |   1 |  292.0 |
      Ice Cave |   2080 |   2080 |      0 |     89 |   1212 |   1 | 2080.0 |
               +--------+--------+--------+--------+--------+-----+--------+

Top non-repeatable levels by time:
   IceCv: 2080 daAuts
    D:11: 1908 daAuts
     D:8: 1797 daAuts
     D:5: 1746 daAuts
     D:9: 1332 daAuts
     D:1: 1311 daAuts
     D:6: 1308 daAuts
    D:12: 1268 daAuts
     D:4: 1229 daAuts
     D:7: 1000 daAuts
    D:10: 895 daAuts
     D:3: 757 daAuts
   Orc:1: 701 daAuts
     D:2: 699 daAuts
   Sewer: 292 daAuts
